 Dungeon Crawl Stone Soup version 0.30.0-19-g36f170ea60 (webtiles) character file.

Game seed: 8178679041248950273

63 Jannitor the Sneak (level 4, -7/35 HPs)
             Began as a Djinni Delver on May 27, 2023.
             Was an Initiate of Yredelemnul.
             Mangled by an iguana (11 damage)
             ... on level 4 of the Dungeon.
             The game lasted 00:02:21 (827 turns).

Jannitor the Sneak (Djinni Delver)                   Turns: 827, Time: 00:02:22

Health: -7/35      AC:  5    Str: 13    XL:     4   Next: 31%
Gold:   32         EV:  7    Int: 12    God:    Yredelemnul [......] SH: 11 Dex: 14

rFire   + + .        a - +0 short sword
rCold   x . .        i - +0 tower shield
rNeg    . . .        b - +0 leather armour
rPois   ∞            (no helmet)
rElec   .            (no cloak)
rCorr   .            h - +1 pair of gloves
SInv    .            (boots unavailable)
Will    .....        (no amulet)
Stlth   ++           (no ring)
HPRegen 0.25/turn    (no ring)
MPRegen 0.00/turn

%: infuse magic (-8 HP)
@: mighty, attractive, flying
A: sickness immunity, fire resistance 2, cold vulnerability 1, float, innate
caster, HP casting, extra vitality 1
a: Renounce Religion, Recall Undead Harvest


You were on level 4 of the Dungeon.
You worshipped Yredelemnul.
Yredelemnul was noncommittal.
You visited 2 branches of the dungeon, and saw 4 of its levels.

You collected 32 gold pieces.

Inventory:

Hand Weapons
 a - a +0 short sword (weapon)
Armour
 b - a +0 leather armour (worn)
 h - a +1 pair of gloves (worn)
 i - a +0 tower shield (worn)
Wands
 g - a wand of digging (3)
Scrolls
 c - a scroll of fog
 d - a scroll of magic mapping
 j - 2 scrolls of teleportation {unknown}
Potions
 f - a potion of haste


   Skills:
 + Level 3.5 Fighting
 + Level 2.4 Short Blades
 - Level 2.5 Dodging
 - Level 4.2 Stealth
 + Level 1.1 Shields
 + Level 0.6 Spellcasting


You knew the following spells:

 Your Spells              Type           Power      Damage    Failure   Level
a - Apportation           Tloc           2%         N/A       100%        1
Your spell library was empty.


Dungeon Overview and Level Annotations

Branches:
Dungeon (5/15)             Temple (1/1) D:4

Altars:
Cheibriados
Dithmenos
Elyvilon
Gozag
Hepliaklqana
Nemelex Xobeh
Ru
Trog
Xom
Yredelemnul
Zin
The Shining One

Annotations:
D:3 Robin
D:4 exclusion: phantom


Innate Abilities, Weirdness & Mutations

You are immune to sickness and miasma.
You are immune to poison.
Your flesh is very heat resistant. (rF++)
You are vulnerable to cold. (rC-)
You float through the air rather than walking.
You learn spells naturally, not from books.
Your magical power is your life essence.
You have superior vitality. (+4 MHP)


Message History

* * * LOW HITPOINT WARNING * * *
You block the hound's attack.
You puncture the hound!
You kill the hound!
The dead are walking!
The iguana bites you but does no damage.
Your Shields skill increases to level 1!
You have reached level 4!
You feel clever.
You swap places.
Your hound zombie bites the iguana but does no damage.
The iguana bites your hound zombie!
Okay, then.
Unknown command.
As you read the scroll of fear, it crumbles to dust.
You assume a fearsome visage.
The iguana looks frightened!
Your hound zombie bites the iguana.
Your hound zombie's attack snaps the iguana out of its fear.
The iguana closely misses your hound zombie.
Unknown command.
Your hound zombie barely misses the iguana.
The iguana bites your hound zombie.
Your hound zombie bites the iguana but does no damage.
Your hound zombie barely misses the iguana.
The iguana bites your hound zombie!
Your hound zombie barely misses the iguana.
The iguana bites your hound zombie!
Your hound zombie is destroyed!
The iguana is attracted toward you.
You hit the iguana.
The iguana is moderately wounded.
The iguana barely misses you.
You hit the iguana.
The iguana is heavily wounded.
The iguana closely misses you.
You hit the iguana.
The iguana is severely wounded.
You block the iguana's attack. The iguana bites you!
You die...
Your body rises from the dead as a mindless zombie.

.. #..##.##..#
...#.........####
................#
............###.
....###.#...# ...
#.!.#$# . #§###.#
#l###.###.# #+#
#.@.......# #.#
#####.##### #.# #.#
##.####### #.#
##...##...## #.#
#......###.####.#
###...#.# #......#
.........###.######
#########<).##


You could see an iguana.

Vanquished Creatures
  A hound (D:4)
  An adder (D:4)
  An ufetubus (D:4)
  5 orcs
  2 ball pythons (D:4)
  2 endoplasms
  A goblin (D:4)
  A quokka (D:4)
  A rat (D:3)
15 creatures vanquished.

Vanquished Creatures (others)
  A hound zombie (D:4)
  An endoplasm zombie (D:3)
  An orc zombie (D:3)
3 creatures vanquished.

Grand Total: 18 creatures vanquished

Notes
Turn   | Place    | Note
-------+----------+-------------------------------------------
     0 | D:5      | Jannitor the Djinni Delver began the quest for the Orb.
     0 | D:5      | Reached XP level 1. HP: 20/20 MP: 0/0
    31 | D:4      | Reached XP level 2. HP: 17/25 MP: 0/0
   221 | D:4      | Found a staircase to the Ecumenical Temple.
   231 | Temple   | Entered the Ecumenical Temple
   340 | Temple   | Became a worshipper of Yredelemnul the Dark
   382 | D:4      | Reached XP level 3. HP: 23/30 MP: 0/0
   382 | D:4      | Learned a level 1 spell: Apportation
   408 | D:4      | Noticed a phantom
   748 | D:3      | Noticed Robin
   818 | D:4      | HP: 1/30 [hound (3)]
   820 | D:4      | Reached skill level 1 in Shields
   820 | D:4      | Reached XP level 4. HP: 2/35 MP: 0/0
   827 | D:4      | Mangled by an iguana

Illustrated notes

Levels and vault maps discovered:
D:3:      layout_loops_cross, lemuel_tele_altar, nicolae_overflow_hidden_temple,
          kennysheep_generic_room_15, uniq_sigmund, uniq_robin, uniq_grinder,
          uniq_jessica
D:4:      layout_loops_corners, minmay_temple_entry_stoned_glass,
          nicolae_concentric_dashed_squares_wild, hangedman_decor_lopped
D:5:      layout_basic, kennysheep_mini, gammafunk_ghost_necromancy,
          nicolae_shop_sticking_my_neck_out
Temple:   dshaligram_water_room_temple

Skill      XL: |  1  2  3 |
---------------+----------+-----
Short Blades   | 2 |  2.4
Shields        | 1 |  1.1
Fighting       | |  3.5
Dodging        | |  2.5
Stealth        | |  4.2
Spellcasting   | |  0.6

Action                     |  1- 3 |  4- 6 || total
---------------------------+-------+-------++-------
  Melee: Short sword       |    83 |     3 ||    86
    Use: Potion            |     2 |       ||     2
         Scroll            |       |     1 ||     1
   Stab: Sleeping          |     3 |       ||     3
 Armour: Leather armour    |    20 |       ||    20
  Dodge: Dodged            |    38 |     2 ||    40
  Block: Tower shield      |    28 |     1 ||    29
